cohdb
Replays
Latest Replays
All Replays
Popular Replays
Top Player Replays
Match Explorer
How It Works
Community
CoH3 Stats
Reddit
Sign in to upload your games and track your stats! →
Sign in with Steam
Match 47042208
Unlisted
Match 47042208
Overview
Messages
Build Orders
End
Panzergrenadier Squad
250 Light Carrier
Panzergrenadier Squad
Construct Light Support Kompanie
Combat Half-tracks
MG34 Team
Panzerjäger Mechanized Group
2.5-tonne Medical Truck
Fire Support Elements
Panzergrenadier Squad
Vehicle Survival Package
Veteran Squad Leaders
Selects Battlefield Espionage Battlegroup
Selects 250/3 Funkpanzerwagen
Selects Advanced Ambush Training
250/3 Funkpanzerwagen
Construct Panzerarmee Kommand
Armored Reserves
Pak 38 Anti-tank Gun Team
Selects Intel Disruption Beacon
Selects Plunder
Selects Firestorm
Tiger Heavy Tank
Tungsten Core Ammunition
Selects Operation Skorpion
Emergency Repair Kits
Flak 36 Anti-tank Gun Team
StuG Assault Group
Advanced Optics
250/3 Funkpanzerwagen
Advanced Field Repairs
Flakvierling Half-track
StuG Assault Group
Flak 36 Anti-tank Gun Team
Panzerpioneer Squad
Firestorm
Rapid Advance
Vegetable chicken
유파_Yupa
Gear-IV-G
DuckPuncher
PHAILBUTLER
Dinglebop
0
0
Comments
sign in to comment!
No comments posted yet!